 Dungeon Crawl Stone Soup version 0.29.0-4-gdea44cf6ec (webtiles) character file.

Game seed: 7843794527203617258

339 qw the Chopper (level 6, 0/38 HPs)
             Began as a Gargoyle Fighter on Sept 8, 2022.
             Slain by an ogre
             ... wielding a +0 giant club
              (25 damage)
             ... on level 4 of the Dungeon.
             The game lasted 00:01:19 (3792 turns).

qw the Chopper (Gargoyle Fighter)                   Turns: 3792, Time: 00:01:20

Health: 0/38       AC: 15    Str: 21    XL:     6   Next: 55%
Magic:  6/6        EV:  7    Int:  9    God:
Gold:   119        SH:  4    Dex:  9    Spells: 5/5 levels left

rFire   . . .      SeeInvis .   Y - +0 war axe
rCold   . . .      Faith    .   c - +0 buckler
rNeg    + + .      Spirit   .   m - +0 chain mail
rPois   inf        Reflect  .   (no helmet)
rElec   +          Harm     .   (no cloak)
rCorr   .          Rampage  .   s - +1 pair of gloves
Will    .....                   (no boots)
Stlth   ..........              (no amulet)
HPRegen 0.12/turn               k - ring of positive energy
MPRegen 0.10/turn               (no ring)

@: no status effects
A: sickness immunity, AC +4, negative energy resistance 1, electricity
resistance, torment resistance 1, petrification resistance
a: no special abilities


You were on level 4 of the Dungeon.
You visited 1 branch of the dungeon, and saw 4 of its levels.

You collected 119 gold pieces.


Innate Abilities, Weirdness & Mutations

You are immune to sickness and miasma.
Your stone body is resilient. (AC +4)
You are immune to poison.
You resist negative energy. (rN+)
You are resistant to electric shocks. (rElec)
You are resistant to unholy torment.
You are immune to petrification.


   Skills:
 - Level 4.0 Fighting
 + Level 5.1 Axes
 - Level 1.8 Throwing
 - Level 3.2 Armour
 - Level 1.2 Dodging
 - Level 3.2 Shields


You had 5 spell levels left.
You didn't know any spells.
Your spell library was empty.

Inventory:

Hand Weapons
 o - a +0 flail
 Y - a +0 war axe (weapon)
Missiles
 f - 2 silver boomerangs (quivered)
 l - 4 boomerangs
Armour
 c - a +0 buckler (worn)
 m - a +0 chain mail (worn)
 s - a +1 pair of gloves (worn)
Jewellery
 k - a ring of positive energy (left hand)
Scrolls
 r - a scroll of identify
Potions
 d - 3 potions of might
 e - a potion of berserk rage {unknown}
 g - a potion of attraction {unknown}
 h - a potion of brilliance {unknown}
 i - a potion of mutation {unknown}
 j - a potion of heal wounds {unknown}
 n - a potion of curing
 q - a potion of resistance {unknown}

Dungeon Overview and Level Annotations

Branches:
Dungeon (4/15)
 Temple: D:4-7

Altars:


Message History

Waypoint 1 re-assigned from D:2 to D:4.
Enter note: You now have 119 gold pieces (gained 10).
An ogre comes into view. It is wielding a +0 giant club.
The ogre shouts!
You hear an angry hiss.
Throw: 2 boomerangs (silver)
Press: ? - help, Q - select action, (/) - cycle Shift-Dir - straight line, f - ogre You throw a silver boomerang.
The silver boomerang hits the ogre.
The ogre is lightly wounded.
A ball python comes into view.
Throw: 2 boomerangs (silver)
Press: ? - help, Q - select action, (/) - cycle Shift-Dir - straight line, f/p - ogre You throw a silver boomerang.
The ball python hisses angrily.
The silver boomerang hits the ogre.
The ogre is lightly wounded.
You slash the ogre!
The ogre is heavily wounded.
The ogre hits you with a +0 giant club!
You barely miss the ogre.
The ogre is heavily wounded.
The ogre hits you with a +0 giant club.
You hit the ogre.
The ogre is severely wounded.
You closely miss the ball python. You block the ball python's attack.
The ball python grabs you. The ball python constricts you.
You block the ogre's attack.
You closely miss the ball python. You hit the ogre but do no damage.
The ball python bites you but does no damage.
The ball python constricts you.
The ball python bites you but does no damage.
The ball python constricts you. The ogre barely misses you.
You hit the ball python.
You kill the ball python!
You hit the ogre. You hit the ogre.
The ogre is almost dead.
The ogre hits you with a +0 giant club!!
Ouch! That really hurt!
You die...

..... ...... .....
#....##....
.}...#####....#.....
......#.............
...........##.......
#.................
###...#<..........
#...#..........#
##......@O......
#.###...##.)... ###
#...# #... ##.<# #
####


You could see an ogre.

Vanquished Creatures
  3 wights (D:3)
  An orc priest (D:3)
  An orc wizard (D:3)
  2 gnolls (D:3)
  3 adders (D:2)
  2 worms
  A dart slug (D:2)
  10 orcs (D:3)
  6 ball pythons
  5 bats
  7 endoplasms
  A giant cockroach (D:1)
  2 goblins
  7 hobgoblins
  3 jackals (D:1)
  6 kobolds
  A quokka (D:2)
  6 frilled lizards
  4 rats
71 creatures vanquished.

Notes
Turn   | Place    | Note
-------+----------+-------------------------------------------
     0 | D:1      | qw the Gargoyle Fighter began the quest for the Orb.
     0 | D:1      | Reached XP level 1. HP: 14/14 MP: 1/1
     0 | D:1      | 0 ||| qw: Version: 0.1-a-112-g44dc6cd
     0 | D:1      | 0 ||| qw: Game counter: 6726
     0 | D:1      | 0 ||| qw: Always use a shield: true
     0 | D:1      | 0 ||| qw: God list: Okawaru
     0 | D:1      | 0 ||| qw: Allow faded altars: false
     0 | D:1      | 0 ||| qw: Do Orc after D:15 true
     0 | D:1      | 0 ||| qw: Do second Lair branch before Depths: true
     0 | D:1      | 0 ||| qw: Lair rune preference: random
     0 | D:1      | 0 ||| qw: Plans: Normal, Zot, God:TSO, Crypt, Tomb, Zig,
                  | Orb
     0 | D:1      | 0 ||| PLANNING D:1-11
    55 | D:1      | Reached skill level 2 in Axes
   176 | D:1      | 176 ||| Stepping ~*~*~tactically~*~*~ (stealth).
   278 | D:1      | Reached XP level 2. HP: 19/19 MP: 2/2
   376 | D:1      | 376 ||| Stepping ~*~*~tactically~*~*~ (stealth).
   670 | D:1      | Reached skill level 3 in Axes
   772 | D:1      | Reached XP level 3. HP: 23/23 MP: 3/3
   953 | D:1      | 953 ||| DROPPING +0 whip.
  1062 | D:1      | 1062 ||| READING scroll labelled VITWEU NINUBB.
  1063 | D:1      | 1063 ||| READING scroll labelled LATTUS JOOWN.
  1064 | D:1      | 1064 ||| READING scroll labelled LEXKEMIUGGAU.
  1165 | D:1      | 1165 ||| READING scroll labelled TOHAVI YTUBERGHE.
  1209 | D:1      | 1209 ||| DRINKING 2 fizzy sapphire potions.
  1210 | D:1      | 1210 ||| DROPPING potion of flight.
  1378 | D:2      | Reached XP level 4. HP: 17/28 MP: 4/4
  1550 | D:2      | 1550 ||| Stepping ~*~*~tactically~*~*~ (stealth).
  1741 | D:2      | Found a faded altar of an unknown god.
  1781 | D:2      | Reached skill level 4 in Axes
  2096 | D:2      | 2096 ||| UPGRADING to ring of positive energy.
  2097 | D:2      | 2097 ||| READING scroll labelled ATEUFFO SOICIJ.
  2098 | D:2      | 2098 ||| DRINKING 2 viscous blue potions.
  2099 | D:2      | 2099 ||| DROPPING potion of degeneration.
  2359 | D:3      | 2359 ||| Stepping ~*~*~tactically~*~*~ (stealth).
  2361 | D:3      | 2361 ||| Stepping ~*~*~tactically~*~*~ (stealth).
  2531 | D:3      | 2531 ||| Stepping ~*~*~tactically~*~*~ (stealth).
  2532 | D:3      | 2532 ||| Stepping ~*~*~tactically~*~*~ (stealth).
  2537 | D:3      | 2537 ||| FLEEEEING.
  2538 | D:3      | 2538 ||| FLEEEEING.
  2539 | D:3      | 2539 ||| FLEEEEING.
  2540 | D:3      | 2540 ||| FLEEEEING.
  2541 | D:3      | 2541 ||| FLEEEEING.
  2542 | D:3      | 2542 ||| FLEEEEING.
  2543 | D:3      | 2543 ||| FLEEEEING.
  2545 | D:3      | 2545 ||| FLEEEEING.
  2548 | D:3      | 2548 ||| FLEEEEING.
  2549 | D:3      | 2549 ||| FLEEEEING.
  2550 | D:3      | 2550 ||| FLEEEEING.
  2554 | D:3      | Reached XP level 5. HP: 26/32 MP: 5/5
  2630 | D:3      | 2630 ||| DROPPING +0 whip of pain.
  2886 | D:3      | Reached skill level 5 in Axes
  3020 | D:3      | Reached skill level 1 in Throwing
  3021 | D:3      | 3021 ||| Stepping ~*~*~tactically~*~*~ (hiding).
  3027 | D:3      | Reached XP level 6. HP: 18/38 MP: 6/6
  3029 | D:3      | HP: 3/38 [wight/+2 hand axe (10)]
  3034 | D:3      | Reached skill level 1 in Dodging
  3700 | D:3      | 3700 ||| UPGRADING to +0 chain mail.
  3710 | D:3      | 3710 ||| DROPPING +0 scale mail.
  3711 | D:3      | 3711 ||| UPGRADING to +1 pair of gloves.
  3716 | D:3      | 3716 ||| DROPPING ring of magical power.
  3717 | D:3      | 3717 ||| READING scroll labelled HAMPICL OTIAHU.
  3792 | D:4      | Slain by an ogre

Levels and vault maps discovered:
D:1:      nzn_arrival_water_spiral, layout_basic, nrook_mini_backslash
D:2:      layout_basic, dreamdust_ecumenical_altar_grove,
          kennysheep_generic_room_9
D:3:      layout_loops_corners
D:4:      layout_cave_pools, overflow_temple_1_default, serial_column_ruins,
          column_ruins_hut_ruined, column_ruins_hut,
          column_ruins_corridor_straight, column_ruins_grid_1,
          column_ruins_open_large, column_ruins_open_small, column_ruins_grid_1,
          column_ruins_grid_2

Skill      XL: |  1  2  3  4  5  6 |
---------------+-------------------+-----
Axes           | 2 3 4 5 |  5.1
Throwing       | 1 |  1.8
Fighting       | 4 |  4.0
Dodging        | 1 |  1.2
Armour         | |  3.2
Shields        | |  3.2

Action                   |  1- 3 |  4- 6 || total
-------------------------+-------+-------++-------
Melee: War axe           |    78 |   123 ||   201
Throw: Boomerang         |    28 |    20 ||    48
  Use: Scroll            |     4 |     2 ||     6
       Potion            |     1 |     1 ||     2
Armor: Scale mail        |    32 |    47 ||    79
       Chain mail        |       |     2 ||     2
Dodge: Dodged            |    30 |    62 ||    92
Block: Buckler           |    13 |    19 ||    32

Table legend:
 A = Non-vault XP
 B = Vault XP
 C = Vault XP percentage of total XP
 D = Non-vault monster count
 E = Vault monster count
 F = Vault count percentage of total count
                 A         B        C        D         E       F
            +---------+---------+-------+---------+---------+-------
      Total |     471 |      14 |   2.9 |      70 |       1 |   1.4
            +---------+---------+-------+---------+---------+-------
        D:1 |      43 |       0 |   0.0 |      24 |       0 |   0.0
        D:2 |      63 |      14 |  18.2 |      21 |       1 |   4.5
        D:3 |     364 |       0 |   0.0 |      24 |       0 |   0.0
        D:4 |       1 |       0 |   0.0 |       1 |       0 |   0.0
            +---------+---------+-------+---------+---------+-------
